 Dungeon Crawl Stone Soup version 0.25.1-2-g60ff931df9 (webtiles) character file.

Game seed: 3032208445297808095

8845 Johnny the Covert (level 11, -6/81 HPs)
             Began as an Octopode Berserker on Aug 15, 2020.
             Was an Elder of Trog.
             Mangled by a death yak (17 damage)
             ... on level 9 of the Dungeon.
             The game lasted 00:13:36 (12407 turns).

Johnny the Covert (Octopode Berserker)             Turns: 12407, Time: 00:13:36

Health: -6/81      AC:  1    Str: 20    XL:     11   Next: 37%
Magic:  11/11      EV: 16    Int: 16    God:    Trog [****..]
Gold:   661        SH: 11    Dex: 11    Spells: 10/10 levels left

rFire    . . .     SeeInvis +     - Unarmed
rCold    . . .     Gourm    .   v - +0 buckler
rNeg     . . .     Faith    .   s - +0 hat {SInv}
rPois    .         Spirit   .   p - amulet of reflection
rElec    .         Reflect  +   k - ring of protection from magic
rCorr    .         Harm     .   g - ring of stealth
MR       +....                  (no ring)
Stlth    +++++++...             B - +6 ring of intelligence
HPRegen  0.23/turn              (no ring)
MPRegen  0.12/turn              (no ring)
                                (no ring)
                                (no ring)

@: berserk cooldown, slowed, very slow
A: almost no armour, stealthy swim, amphibious, 8 rings, constrict 8, camouflage
1, gelatinous body 1
a: Berserk, Trog's Hand, Brothers in Arms, Renounce Religion


You were on level 9 of the Dungeon.
You worshipped Trog.
Trog was greatly pleased with you.
You were near starving.

You visited 1 branch of the dungeon, and saw 10 of its levels.

You collected 661 gold pieces.

Inventory:

Armour
 s - a +0 hat of see invisible (worn)
 v - a +0 buckler (worn)
 G - a +0 tower shield
Jewellery
 g - a ring of stealth (right tentacle)
 k - a ring of protection from magic (left tentacle)
 p - an amulet of reflection (around mantle)
 B - a +6 ring of intelligence (on tentacle)
 J - an uncursed ring of resist corrosion {unknown}
Wands
 n - a wand of polymorph (7)
 x - a wand of random effects (3)
 D - a wand of iceblast (2)
 E - a wand of digging (6)
 L - a wand of disintegration (10)
Scrolls
 d - 4 scrolls of fog
 f - a scroll of brand weapon {unknown}
 h - a scroll of magic mapping
 j - 6 scrolls of teleportation
 l - 7 scrolls of noise
 m - 2 scrolls of blinking {unknown}
 q - 3 scrolls of enchant weapon
 r - 3 scrolls of remove curse
 y - a scroll of fear {unknown}
 H - a scroll of torment {unknown}
Potions
 b - 2 potions of might
 c - 6 potions of curing
 e - 2 potions of brilliance
 i - 3 potions of mutation
 o - 5 potions of ambrosia {unknown}
 t - 2 potions of resistance
 u - a potion of flight {unknown}
 w - a potion of magic {unknown}
 z - a potion of degeneration {unknown}
 A - a potion of lignification {unknown}
 C - a potion of berserk rage {unknown}
Comestibles
 a - 25 rations


   Skills:
 + Level 10.1 Fighting
 + Level 7.6 Dodging
 - Level 11.8 Stealth
 + Level 8.4 Shields
 + Level 5.4 Unarmed Combat


You had 10 spell levels left.
You didn't know any spells.
Your spell library contained the following spells:

 Spells                   Type           Power        Failure   Level  Hunger
 Freeze                   Ice            #...         26%         1    ##.....
 Infusion                 Chrm           #...         26%         1    ##.....
 Magic Dart               Conj           #...         26%         1    ##.....
 Sandblast                Erth           #.....       26%         1    ##.....
 Passwall                 Tmut/Erth      #.......     36%         2    ###....
 Searing Ray              Conj           #.....       36%         2    ###....
 Shroud of Golubria       Chrm/Tloc      #.....       36%         2    ###....
 Song of Slaying          Chrm           #.......     36%         2    ###....
 Confusing Touch          Hex            #.......     58%         3    ####...
 Dazzling Flash           Conj/Hex       #.....       58%         3    ####...
 Frozen Ramparts          Ice            #.....       58%         3    ####...
 Gell's Gravitas          Tloc           #.........   58%         3    ####...
 Ozocubu's Armour         Chrm/Ice       #.......     58%         3    ####...
 Spectral Weapon          Hex/Chrm       #.......     58%         3    ####...
 Stone Arrow              Conj/Erth      #.....       58%         3    ####...
 Fulminant Prism          Conj/Hex       #.........   94%         4    #####..
 Hailstorm                Conj/Ice       #.......     94%         4    #####..
 Iskenderun's Mystic Bla  Conj/Tloc      #.......     94%         4    #####..
 Petrify                  Tmut/Erth      #.......     94%         4    #####..
 Summon Ice Beast         Ice/Summ       #.......     94%         4    #####..
 Lee's Rapid Deconstruct  Erth           #.........   100%        5    ######.
 Metabolic Englaciation   Hex/Ice        #.........   100%        5    ######.
 Yara's Violent Unravell  Hex/Tmut       #.........   100%        5    ######.


Dungeon Overview and Level Annotations

Branches:
Dungeon (10/15)            Temple (0/1) D:6             Orc (0/2) D:9
   Lair: D:8-11

Altars:
Dithmenos
Gozag
Hepliaklqana
Nemelex Xobeh
Qazlal

Shops:
D:6 (


Innate Abilities, Weirdness & Mutations

You cannot wear most types of armour.
You are very stealthy in the water. (Stealth+)
You are amphibious.
You can wear up to eight rings at the same time.
You can use your tentacles to constrict eight enemies at once.
Your skin changes colour to match your surroundings (Stealth+).
Your rubbery body absorbs attacks. (AC +1, EV +1)


Message History

You barely miss the death yak.
The death yak is moderately wounded.
The death yak gores you!!
* * * LOW HITPOINT WARNING * * *
You are too injured to fight recklessly!
You are too injured to fight recklessly!
You are too injured to fight recklessly!
You are too injured to fight recklessly!
You are too injured to fight recklessly!
You are too injured to fight recklessly!
You are too injured to fight recklessly!
You are too injured to fight recklessly!
Unknown command.
Okay, then.
You feel much better. The death yak gores you!!
* * * LOW HITPOINT WARNING * * *
Unknown command.
You fail to use your ability.
The death yak closely misses you. The death yak gores you!
You die...

.................................
.................................
############Y..#######...........
############.Y.# #...........
...............#######...........
............)..YY................
....[).#########Y##########......
.....).# #Y# #..#### .......# #@#
#..# .......# #.# #..# .......#
#.# #..# .(.....# #.# #...
######## ### ####


You could see 3 death yaks and a yak.

Vanquished Creatures
  A centaur warrior (D:10)
  2 death yaks (D:9)
  An ogre mage (D:10)
  An unseen horror (D:10)
  An ugly thing (D:8)
  A manticore (D:10)
  A troll (D:10)
  4 yaks (D:9)
  A water moccasin (D:10)
  Purgy (D:4)
  2 ice beasts
  5 orc warriors
  A sky beast (D:10)
  2 ogres
  6 centaurs
  A big kobold (D:10)
  Blork the orc (D:6)
  7 bullfrogs
  A gnoll sergeant (D:10)
  3 scorpions
  A wight (D:10)
  4 crimson imps
  2 centaur zombies
  3 bullfrog zombies
  4 hounds
  2 jellies
  9 orc wizards
  3 centaur skeletons
  3 orc priests
  3 bullfrog skeletons
  Jessica (D:3)
  An iguana (D:7)
  3 worker ants
  3 worker ant zombies
  A howler monkey skeleton (D:6)
  3 gnolls (D:10)
  14 adders
  2 shadow imps
  An ooze (D:3)
  An adder zombie (D:6)
  4 worms
  A leopard gecko (D:2)
  26 orcs
  4 giant cockroaches
  8 goblins
  5 hobgoblins
  11 jackals
  4 quokkas
  A ball python (D:4)
  6 bats
  5 frilled lizards
  9 kobolds
  2 leopard gecko skeletons
  21 rats
214 creatures vanquished.

Vanquished Creatures (collateral kills)
  A tengu conjurer (D:10)
1 creature vanquished.

Vanquished Creatures (others)
  A crocodile (D:10)
1 creature vanquished.

Grand Total: 216 creatures vanquished

Notes
Turn   | Place    | Note
-------+----------+-------------------------------------------
     0 | D:1      | Johnny the Octopode Berserker began the quest for the Orb.
     0 | D:1      | Reached XP level 1. HP: 16/16 MP: 1/1
   269 | D:1      | Reached skill level 1 in Stealth
   269 | D:1      | Reached XP level 2. HP: 20/21 MP: 2/2
  1214 | D:2      | Reached skill level 2 in Stealth
  1214 | D:2      | Reached XP level 3. HP: 20/26 MP: 3/3
  1656 | D:2      | Reached skill level 3 in Stealth
  1765 | D:2      | Reached XP level 4. HP: 27/33 MP: 4/4
  2032 | D:2      | Reached ** piety under Trog
  2459 | D:3      | Noticed Jessica
  2530 | D:3      | Killed Jessica
  2530 | D:3      | Reached skill level 4 in Stealth
  2530 | D:3      | Reached XP level 5. HP: 36/38 MP: 5/5
  3463 | D:4      | Reached skill level 5 in Stealth
  3615 | D:4      | Reached XP level 6. HP: 38/45 MP: 6/6
  3752 | D:4      | Noticed Purgy
  3761 | D:4      | Reached skill level 5 in Fighting
  3917 | D:4      | Killed Purgy
  3917 | D:4      | Reached skill level 6 in Stealth
  4188 | D:4      | Reached *** piety under Trog
  4264 | D:5      | Entered Level 5 of the Dungeon
  4314 | D:5      | Found a shadowy altar of Dithmenos.
  4366 | D:5      | Reached XP level 7. HP: 51/51 MP: 7/7
  4581 | D:5      | Reached skill level 7 in Stealth
  4581 | D:5      | Reached skill level 1 in Shields
  5690 | D:6      | Found a sparkling altar of Nemelex Xobeh.
  5690 | D:6      | Noticed Blork the orc
  5699 | D:6      | Killed Blork the orc
  5893 | D:6      | Reached skill level 8 in Stealth
  5893 | D:6      | Reached XP level 8. HP: 55/58 MP: 8/8
  5933 | D:6      | Found Jukhlat's Antique Weapon Emporium.
  6096 | D:6      | Found a staircase to the Ecumenical Temple.
  6617 | D:7      | Found an opulent altar of Gozag.
  6744 | D:7      | Reached skill level 9 in Stealth
  7110 | D:7      | Found a hazy altar of Hepliaklqana.
  7957 | D:8      | Reached XP level 9. HP: 56/64 MP: 9/9
  8081 | D:8      | Noticed a purple ugly thing
  8093 | D:8      | Killed a purple ugly thing
  8093 | D:8      | Reached skill level 10 in Stealth
  8093 | D:8      | Reached skill level 5 in Shields
  9208 | D:9      | Noticed a death yak
  9209 | D:9      | Noticed a death yak
  9315 | D:9      | Reached **** piety under Trog
  9486 | D:10     | Entered Level 10 of the Dungeon
  9673 | D:10     | Reached skill level 5 in Dodging
  9703 | D:10     | Noticed an ogre mage
  9716 | D:10     | Noticed a manticore
  9719 | D:10     | Noticed an unseen horror
  9720 | D:10     | Reached skill level 11 in Stealth
 10015 | D:10     | Reached XP level 10. HP: 70/73 MP: 10/10
 10051 | D:10     | Killed an ogre mage
 10382 | D:10     | Killed an unseen horror
 10607 | D:10     | Killed a manticore
 11110 | D:10     | Found a stormy altar of Qazlal.
 11245 | D:10     | Noticed a centaur warrior
 11267 | D:10     | Killed a centaur warrior
 11267 | D:10     | Reached XP level 11. HP: 81/81 MP: 11/11
 12030 | D:9      | Found a staircase to the Orcish Mines.
 12227 | D:9      | Noticed a death yak
 12277 | D:9      | Killed a death yak
 12277 | D:9      | Reached skill level 10 in Fighting
 12277 | D:9      | Reached skill level 5 in Unarmed Combat
 12360 | D:9      | Noticed a death yak
 12360 | D:9      | Noticed a death yak
 12393 | D:9      | Killed a death yak
 12407 | D:9      | Mangled by a death yak

Illustrated notes

Levels and vault maps discovered:
D:1:      onia_arrival_mini_spirals, layout_basic
D:2:      layout_rooms, first_ration
D:3:      layout_loops_cross, minmay_rat_hole, uniq_jessica
D:4:      layout_basic, uniq_purgy
D:5:      minmay_angry_zag, layout_basic, lemuel_doored_altar
D:6:      layout_cave_pools, old_standard_altar,
          minmay_temple_entry_proselytizer, serial_shops, nicolae_shop_trees,
          minmay_a_box_with_orc_wizards_in_it, uniq_blork_the_orc
D:7:      layout_basic, nicolae_overflow_hidden_temple, grunt_ogre_cave
D:8:      layout_basic, minmay_misc_feat_square, st_stairs_14
D:9:      layout_long_grid, dpeg_lair_monsters, orc_0_dummy, uniq_gastronok
D:10:     hangedman_cross_veins, layout_basic, serial_co_window_serial,
          co_window_corner_a, co_window_corner_a, co_window_cross_1,
          co_window_paths_b, co_window_of_opportunity_a, co_window_paths_a,
          co_window_corner_a, co_window_paths_c, co_window_2corner,
          co_window_of_opportunity_c, co_window_corner_cb, co_window_2corner,
          glass_columns_a, basic_altar, ebering_dispersal_statue_hall,
          corexii_leaking_fountain, minmay_misc_feat_doors

Skill      XL: |  1  2  3  4  5  6  7  8  9 10 11 |
---------------+----------------------------------+-----
Stealth        | 1 2 3 4 5 6 8 9 11 | 11.8
Fighting       | 4 5 6 7 8 9 10 | 10.1
Shields        | 2 4 6 7 8 |  8.4
Dodging        | 5 6 7 |  7.6
Unarmed Combat | 4 5 |  5.4

Action                   |  1- 3 |  4- 6 |  7- 9 | 10-12 || total
-------------------------+-------+-------+-------+-------++-------
Melee: Unarmed           |    59 |   125 |   282 |   179 ||   645
       Constrict         |    14 |    36 |    57 |    24 ||   131
       Tentacles         |     5 |    31 |    77 |    48 ||   161
       Punch             |     2 |     2 |     8 |     3 ||    15
Invok: Berserk           |     2 |     1 |     9 |     9 ||    21
       Trog's Hand       |       |       |     3 |     3 ||     6
       Brothers in Arms  |       |       |       |     1 ||     1
Evoke: Wand              |       |       |     1 |     8 ||     9
  Use: Scroll            |       |       |    10 |     2 ||    12
       Potion            |       |       |     3 |     2 ||     5
 Stab: Sleeping          |     6 |    13 |    23 |     4 ||    46
       Distracted        |       |     2 |     1 |     2 ||     5
  Eat: Chunk             |     4 |     9 |    18 |    15 ||    46
       Ration            |       |       |     3 |       ||     3
Armor: Skin              |     1 |    12 |    10 |     1 ||    24
Dodge: Dodged            |    37 |    82 |   121 |    71 ||   311
Block: Buckler           |       |     1 |   104 |    63 ||   168
       Other             |       |     1 |       |       ||     1
       Reflection        |       |       |     9 |     1 ||    10
